 Dungeon Crawl Stone Soup version 0.20-a0-449-g96be121 (webtiles) character file.

21 Amnesiac the Sneak (level 2, -1/19 HPs)
             Began as a Mummy Enchanter on Jan 8, 2017.
             Slain by a jackal (3 damage)
             ... on level 2 of the Dungeon.
             The game lasted 00:01:57 (924 turns).

Amnesiac the Sneak (Mummy Enchanter)                 Turns: 924, Time: 00:01:58

Health: -1/19      AC:  3    Str: 11    XL:     2   Next: 62%
Magic:  3/5        EV: 12    Int: 14    God:
Gold:   77         SH:  0    Dex: 12    Spells: 3/6 levels left

rFire  x . .     SeeInvis .     h - +0 great sword
rCold  + . .     Gourm    .     b - +0 robe
rNeg   + + +     Faith    .     (shield currently unavailable)
rPois  ∞         Spirit   .     (no helmet)
rElec  .         Reflect  .     (no cloak)
rCorr  .         Harm     .     e - +0 pair of gloves (curse)
MR     .....                    (no boots)
Stlth  +.........               (no amulet)
                                (no ring)
                                g - ring of loudness (curse)

@: no status effects
A: no food or potions, fire vulnerability, cold resistance 1, negative energy
resistance 3, torment resistance, unbreathing
a: no special abilities


You were on level 2 of the Dungeon.
You were not hungry.

You visited 1 branch of the dungeon, and saw 3 of its levels.

You collected 77 gold pieces.

Inventory:

Hand Weapons
 a - a +1 dagger
 h - a +0 great sword (weapon)
Armour
 b - a +0 robe (worn)
 e - a cursed +0 pair of gloves (worn)
Jewellery
 g - a cursed ring of loudness (left hand)
Scrolls
 d - a scroll of amnesia {unknown}
 f - a scroll of identify {unknown}
 i - a scroll of remove curse {unknown}
Books
 c - a book of Maledictions

   Spells                             Type                      Level
   a - Corona                         Hexes                        1
   b - Ensorcelled Hibernation        Hexes/Ice                    2
   c - Confuse                        Hexes                        3
   d - Tukima's Dance                 Hexes                        3
   e - Dazzling Spray                 Conjuration/Hexes            3


   Skills:
 - Level 1.0 Short Blades
 - Level 1.5 Dodging
 - Level 3.0 Stealth
 - Level 2.6 Spellcasting
 + Level 3.0 Hexes


You had 3 spell levels left.
You knew the following spells:

 Your Spells              Type           Power        Failure   Level  Hunger
f - Corona                Hex            ##.....      10%         1    N/A
z - Ensorcelled Hibernat  Hex/Ice        #.....       21%         2    N/A

Dungeon Overview and Level Annotations

Branches:
Dungeon (3/15)

Altars:


Innate Abilities, Weirdness & Mutations

You do not eat or drink.
Your flesh is vulnerable to fire.
You are immune to poison.
Your flesh is cold resistant. (rC+)
You are immune to negative energy. (rN+++)
You are immune to unholy pain and torment.
You can survive without breathing.


Message History

You barely miss the jackal. The jackal misses you. The jackal bites you.
You slash the jackal!
You kill the jackal!
The jackal bites you but does no damage.
Casting: Corona
Confirm with . or Enter, or press ? or * to list all spells.
Aiming: Corona
Press: ? - help, Shift-Dir - straight line, f/p - jackal
Aim: a jackal (chance to defeat MR: 63%)
The jackal is outlined in light.
The jackal bites you.
The jackal bites you but does no damage.
You hit the jackal but do no damage. The jackal bites you.
* * * LOW HITPOINT WARNING * * *
The jackal barely misses you.
You closely miss the jackal.
The jackal bites you but does no damage.
The jackal misses you. The jackal bites you.
* * * LOW HITPOINT WARNING * * *
You closely miss the jackal. The jackal bites you.
You die...

######## #
#........ #
#......!.. # #.
#......... + ....
+... .... . # ...
#.†###.# . .. #.#
#..#...# .# ##.
####..##.(#.#.###.#
............@#...#
.........(###h#.#.#
..........(.#..(# #
.........#†h#.###.#
....$[...#........#
.........#.......##
.........#.......#
#####....#.......#
..............#


You could see a jackal.

Vanquished Creatures
  3 bats
  A giant cockroach (D:3)
  4 goblins
  A hobgoblin (D:3)
  A jackal (D:2)
  3 kobolds
  A quokka (D:2)
  A frilled lizard (D:2)
  4 rats
19 creatures vanquished.

Notes
Turn   | Place    | Note
-------+----------+-------------------------------------------
     0 | D:1      | Amnesiac the Mummy Enchanter began the quest for the Orb.
     0 | D:1      | Reached XP level 1. HP: 13/13 MP: 4/4
   158 | D:1      | Reached skill level 1 in Short Blades
   579 | D:2      | Reached XP level 2. HP: 19/19 MP: 5/5
   583 | D:2      | Learned a level 2 spell: Ensorcelled Hibernation
   924 | D:2      | Slain by a jackal

Vault maps used:
D:1:      lemuel_arrival_broad_hall, minmay_distorted
D:2:      lemuel_coloured_pillars_altar, minmay_pentomino_v4, uniq_iyjb
D:3:      first_bread, minivault_19

Skill      XL: |  1  2 |
---------------+-------+-----
Short Blades   | 1 |  1.0
Stealth        | 3 |  3.0
Hexes          | 3 |  3.0
Dodging        | |  1.5
Spellcasting   | |  2.6

Action                   || total
-------------------------++-------
Melee: Dagger            ||    35
       Great sword       ||    15
 Cast: Corona            ||    20
  Use: Scroll            ||     1
 Stab: Sleeping          ||     3
Armor: Robe              ||    15
Dodge: Dodged            ||    44
       Rpst.: Great sword ||     4
